TOP OF THE 1ST |
Hialeah Dodos batting - Pitching for Alaskan Humpbacks : RHP Dave Bass
|
Pitching: RHP Dave Bass
|
|
Batting: RHB Lee Montgomery
|
0-0: Foul Ball, location: 2F 0-1: Foul Ball, location: 2F 0-2: Strikes out looking
|
Batting: LHB George McLean
|
0-0: Called Strike 0-1: Ball 1-1: Ball 2-1: Ball 3-1: Foul Ball, location: 2F 3-2: Foul Ball, location: 2F 3-2: Foul Ball, location: 2F 3-2: Strikes out swinging
|
Batting: LHB Jon Melanson
|
0-0: Ball 1-0: Foul Ball, location: 2F 1-1: Foul Ball, location: 2F 1-2: Fly out, F8 (Flyball, 8RS, EV 90.0 MPH)
|
Top of the 1st over - 0 runs, 0 hits, 0 errors, 0 left on base; Hialeah 0 - Alaskan 0 |
BOTTOM OF THE 1ST |
Alaskan Humpbacks batting - Pitching for Hialeah Dodos : RHP Ricardo Corona
|
Pitching: RHP Ricardo Corona
|
|
Batting: LHB Jason Melton
|
0-0: Swinging Strike 0-1: Called Strike 0-2: Strikes out swinging
|
Batting: RHB Darren Gordam
|
0-0: Fly out, F8 (Flyball, 8RD, EV 101.9 MPH)
|
Batting: LHB Steve Covington
|
0-0: Called Strike 0-1: Swinging Strike 0-2: Strikes out swinging
|
Bottom of the 1st over - 0 runs, 0 hits, 0 errors, 0 left on base; Hialeah 0 - Alaskan 0 |
TOP OF THE 2ND |
Hialeah Dodos batting - Pitching for Alaskan Humpbacks : RHP Dave Bass
|
Batting: LHB Elliot Banks
|
0-0: Swinging Strike 0-1: Ball 1-1: Ball 2-1: Foul Ball, location: 2F 2-2: Ground out 4-3 (Groundball, 4, EV 108.1 MPH)
|
Batting: RHB Damon Joseph
|
0-0: Called Strike 0-1: Called Strike 0-2: SINGLE (Groundball, P, EV 91.2 MPH) (infield hit)
|
Batting: RHB Luc Leroux
|
0-0: Ball 1-0: Ball 2-0: Ball 3-0: Base on Balls Damon Joseph to second
|
Batting: RHB Alonso Gómez
|
0-0: Ball 1-0: Ball 2-0: Foul Ball, location: 2F 2-1: Fielders Choice at 2nd, 5-4 (Groundball, 5S, EV 85.0 MPH) Damon Joseph to third
|
Batting: RHB Woody Maxwell
|
0-0: Called Strike 0-1: Called Strike 0-2: SINGLE (Groundball, 34D, EV 95.0 MPH) Damon Joseph scores Alonso Gómez to second Runner from 2nd tries for 3rd, SAFE, no throw by RF
|
Batting: LHB Dariusz Bonkski
|
0-0: Ball 1-0: Foul Ball, location: 2F 1-1: Foul Ball, location: 2F 1-2: Strikes out swinging
|
Top of the 2nd over - 1 run, 2 hits, 0 errors, 2 left on base; Hialeah 1 - Alaskan 0 |
BOTTOM OF THE 2ND |
Alaskan Humpbacks batting - Pitching for Hialeah Dodos : RHP Ricardo Corona
|
Batting: RHB John Simpson
|
0-0: Foul Ball, location: 2F 0-1: Foul Ball, location: 2F 0-2: Ball 1-2: Foul Ball, location: 2F 1-2: Foul Ball, location: 2F 1-2: Ball 2-2: Foul Ball, location: 2F 2-2: Ball 3-2: Ground out 6-3 (Groundball, 6, EV 86.2 MPH)
|
Batting: RHB Norberto Carrillo
|
0-0: Called Strike 0-1: Swinging Strike 0-2: Strikes out looking
|
Batting: LHB Gage Jump
|
0-0: Called Strike 0-1: Called Strike 0-2: Strikes out swinging
|
Bottom of the 2nd over - 0 runs, 0 hits, 0 errors, 0 left on base; Hialeah 1 - Alaskan 0 |
TOP OF THE 3RD |
Hialeah Dodos batting - Pitching for Alaskan Humpbacks : RHP Dave Bass
|
Batting: RHB Lee Montgomery
|
0-0: Called Strike 0-1: Foul Ball, location: 2F 0-2: Ball 1-2: Strikes out looking
|
Batting: LHB George McLean
|
0-0: Ball 1-0: Called Strike 1-1: Foul Ball, location: 2F 1-2: Ball 2-2: Ground out U3 (Groundball, 3L, EV 105.6 MPH)
|
Batting: LHB Jon Melanson
|
0-0: Fly out, F7 (Line Drive, 7, EV 91.2 MPH)
|
Top of the 3rd over - 0 runs, 0 hits, 0 errors, 0 left on base; Hialeah 1 - Alaskan 0 |
BOTTOM OF THE 3RD |
Alaskan Humpbacks batting - Pitching for Hialeah Dodos : RHP Ricardo Corona
|
Batting: LHB Derrek Guthrie
|
0-0: Foul Ball, location: 2F 0-1: Foul Ball, location: 2F 0-2: Ball 1-2: Ground out 6-3 (Groundball, 6, EV 84.4 MPH)
|
Batting: RHB Bartolo Ayala
|
0-0: Called Strike 0-1: Ball 1-1: SINGLE (Line Drive, 78S, EV 88.8 MPH)
|
Batting: RHB Héctor Coríz
|
0-0: Ball 1-0: Ball 2-0: SINGLE (Groundball, 34D, EV 101.9 MPH) Bartolo Ayala to second Runner from 2nd tries for 3rd, SAFE, no throw by RF
|
Batting: LHB Jason Melton
|
0-0: Ball 1-0: Called Strike 1-1: Swinging Strike 1-2: Ball 2-2: DOUBLE (Flyball, 8LXD, EV 105.0 MPH) Bartolo Ayala scores Héctor Coríz to third Runner from 3rd tries for Home, SAFE, no throw by CF
|
Batting: RHB Darren Gordam
|
0-0: Foul Ball, location: 2F 0-1: Ball 1-1: Ground out 5-3 (Groundball, 56, EV 85.0 MPH)
|
Batting: LHB Steve Covington
|
0-0: Ball 1-0: SINGLE (Groundball, 4D, EV 94.4 MPH) Jason Melton to third Runner from 3rd tries for Home, SAFE, throw by CF to home Steve Covington to second
|
Batting: RHB John Simpson
|
0-0: Swinging Strike 0-1: Foul Ball, location: 2F 0-2: Ball 1-2: Strikes out swinging
|
Bottom of the 3rd over - 3 runs, 4 hits, 0 errors, 1 left on base; Hialeah 1 - Alaskan 3 |
TOP OF THE 4TH |
Hialeah Dodos batting - Pitching for Alaskan Humpbacks : RHP Dave Bass
|
Batting: LHB Elliot Banks
|
0-0: Ground out 3-1 (Groundball, 34, EV 87.5 MPH)
|
Batting: RHB Damon Joseph
|
0-0: Ball 1-0: Fly out, F8 (Flyball, 8RD, EV 94.4 MPH)
|
Batting: RHB Luc Leroux
|
0-0: Foul Ball, location: 2F 0-1: Swinging Strike 0-2: Ball 1-2: Foul Ball, location: 2F 1-2: Foul Ball, location: 2F 1-2: Ground out 5-3 (Groundball, 56, EV 81.9 MPH)
|
Top of the 4th over - 0 runs, 0 hits, 0 errors, 0 left on base; Hialeah 1 - Alaskan 3 |
BOTTOM OF THE 4TH |
Alaskan Humpbacks batting - Pitching for Hialeah Dodos : RHP Ricardo Corona
|
Batting: RHB Norberto Carrillo
|
0-0: Fly out, F8 (Flyball, 8LD, EV 96.2 MPH)
|
Batting: LHB Gage Jump
|
0-0: Called Strike 0-1: Swinging Strike 0-2: Foul Ball, location: 2F 0-2: Ball 1-2: Fly out, F7 (Flyball, 78S, EV 78.1 MPH)
|
Batting: LHB Derrek Guthrie
|
0-0: Ball 1-0: Called Strike 1-1: Ground out 6-3 (Groundball, 6, EV 86.9 MPH)
|
Bottom of the 4th over - 0 runs, 0 hits, 0 errors, 0 left on base; Hialeah 1 - Alaskan 3 |
TOP OF THE 5TH |
Hialeah Dodos batting - Pitching for Alaskan Humpbacks : RHP Dave Bass
|
Batting: RHB Alonso Gómez
|
0-0: Ball 1-0: Ball 2-0: Called Strike 2-1: Ball 3-1: Swinging Strike 3-2: Strikes out looking
|
Batting: RHB Woody Maxwell
|
0-0: Ball 1-0: Foul Ball, location: 2F 1-1: Ball 2-1: Ball 3-1: Foul Ball, location: 2F 3-2: Ground out 6-3 (Groundball, 6, EV 88.8 MPH)
|
Batting: LHB Dariusz Bonkski
|
0-0: Swinging Strike 0-1: Called Strike 0-2: Ball 1-2: Ball 2-2: Strikes out swinging
|
Top of the 5th over - 0 runs, 0 hits, 0 errors, 0 left on base; Hialeah 1 - Alaskan 3 |
BOTTOM OF THE 5TH |
Alaskan Humpbacks batting - Pitching for Hialeah Dodos : RHP Ricardo Corona
|
Batting: RHB Bartolo Ayala
|
0-0: Called Strike 0-1: Ball 1-1: Ball 2-1: Ball 3-1: Base on Balls
|
Batting: RHB Héctor Coríz
|
0-0: Ball 1-0: Ball 2-0: Ball 3-0: SINGLE (Groundball, 6M, EV 98.1 MPH) Bartolo Ayala to second
|
Batting: LHB Jason Melton
|
0-0: Sac Bunt to 2L - play at first, batter safe! Bartolo Ayala to third Héctor Coríz to second
|
Batting: RHB Darren Gordam
|
0-0: Ball Wild Pitch! Bartolo Ayala scores Héctor Coríz to third Jason Melton to second 1-0: Ball 2-0: Swinging Strike 2-1: Foul Ball, location: 2F 2-2: Foul Ball, location: 2F 2-2: Fly out, F7 (Flyball, 78M, EV 87.5 MPH) Runner from 3rd tags up, SCORES, throw by LF
|
Pitching: RHP Eric Colquhoun
|
|
Batting: LHB Steve Covington
|
0-0: Swinging Strike 0-1: Called Strike Jason Melton steals 3rd base 0-2: Foul Ball, location: 2F 0-2: Fly out, F8 (Flyball, 89M, EV 93.1 MPH) Runner from 3rd tags up, SCORES, no throw by CF
|
Batting: RHB John Simpson
|
0-0: Swinging Strike 0-1: Ball 1-1: Ball 2-1: Foul Ball, location: 2F 2-2: Ball 3-2: Fly out, F8 (Flyball, 89S, EV 92.5 MPH)
|
Bottom of the 5th over - 3 runs, 2 hits, 0 errors, 0 left on base; Hialeah 1 - Alaskan 6 |
TOP OF THE 6TH |
Hialeah Dodos batting - Pitching for Alaskan Humpbacks : RHP Dave Bass
|
Batting: RHB Lee Montgomery
|
0-0: Ball 1-0: Swinging Strike 1-1: Fly out, F2 (Popup, 25F, EV 79.4 MPH)
|
Batting: LHB George McLean
|
0-0: Ball 1-0: Foul Ball, location: 2F 1-1: Ball 2-1: Foul Ball, location: 2F 2-2: Strikes out swinging
|
Batting: LHB Jon Melanson
|
0-0: Ball 1-0: Called Strike 1-1: Ball 2-1: Ball 3-1: Foul Ball, location: 2F 3-2: Base on Balls
|
Batting: LHB Elliot Banks
|
0-0: Foul Ball, location: 2F 0-1: Swinging Strike 0-2: Ball 1-2: Foul Ball, location: 2F 1-2: Strikes out looking
|
Top of the 6th over - 0 runs, 0 hits, 0 errors, 1 left on base; Hialeah 1 - Alaskan 6 |
BOTTOM OF THE 6TH |
Alaskan Humpbacks batting - Pitching for Hialeah Dodos : RHP Eric Colquhoun
|
Batting: RHB Norberto Carrillo
|
0-0: Called Strike 0-1: Foul Ball, location: 2F 0-2: Strikes out swinging
|
Batting: LHB Gage Jump
|
0-0: Foul Ball, location: 2F 0-1: Foul Ball, location: 2F 0-2: Foul Ball, location: 2F 0-2: Ball 1-2: Fly out, F8 (Flyball, 8LM, EV 83.8 MPH)
|
Batting: LHB Derrek Guthrie
|
0-0: Called Strike 0-1: Ball 1-1: Fly out, F8 (Flyball, 8LD, EV 93.1 MPH)
|
Bottom of the 6th over - 0 runs, 0 hits, 0 errors, 0 left on base; Hialeah 1 - Alaskan 6 |
TOP OF THE 7TH |
Hialeah Dodos batting - Pitching for Alaskan Humpbacks : RHP Dave Bass
|
Pitching: RHP Morgan Cartier
|
|
Batting: RHB Damon Joseph
|
0-0: Called Strike 0-1: Ground out 5-3 (Groundball, 56, EV 86.2 MPH)
|
Batting: RHB Luc Leroux
|
0-0: Ball 1-0: Fly out, F8 (Flyball, 89M, EV 92.5 MPH)
|
Batting: RHB Alonso Gómez
|
0-0: Foul Ball, location: 2F 0-1: Foul Ball, location: 2F 0-2: Ball 1-2: Foul Ball, location: 2F 1-2: Foul Ball, location: 2F 1-2: Strikes out looking
|
Top of the 7th over - 0 runs, 0 hits, 0 errors, 0 left on base; Hialeah 1 - Alaskan 6 |
BOTTOM OF THE 7TH |
Alaskan Humpbacks batting - Pitching for Hialeah Dodos : RHP Eric Colquhoun
|
Batting: RHB Bartolo Ayala
|
0-0: Called Strike 0-1: Ball 1-1: Foul Ball, location: 2F 1-2: Strikes out swinging
|
Batting: RHB Héctor Coríz
|
0-0: Fly out, F7 (Flyball, 7S, EV 80.0 MPH)
|
Batting: LHB Jason Melton
|
0-0: Ball 1-0: Called Strike 1-1: Swinging Strike 1-2: Ball 2-2: Ball 3-2: Ground out 1-3 (Groundball, 13, EV 67.5 MPH)
|
Bottom of the 7th over - 0 runs, 0 hits, 0 errors, 0 left on base; Hialeah 1 - Alaskan 6 |
TOP OF THE 8TH |
Hialeah Dodos batting - Pitching for Alaskan Humpbacks : RHP Morgan Cartier
|
Batting: RHB Woody Maxwell
|
0-0: Ball 1-0: Swinging Strike 1-1: Ball 2-1: Ball 3-1: Foul Ball, location: 2F 3-2: Foul Ball, location: 2F 3-2: Fly out, F7 (Flyball, 7LS, EV 84.4 MPH)
|
Batting: LHB Dariusz Bonkski
|
0-0: Ball 1-0: Called Strike 1-1: Ball 2-1: Ball 3-1: Base on Balls
|
Batting: RHB Lee Montgomery
|
0-0: Foul Ball, location: 2F 0-1: Swinging Strike 0-2: Ball 1-2: Strikes out swinging
|
Batting: LHB George McLean
|
0-0: Fly out, F9 (Line Drive, 9, EV 102.5 MPH)
|
Top of the 8th over - 0 runs, 0 hits, 0 errors, 1 left on base; Hialeah 1 - Alaskan 6 |
BOTTOM OF THE 8TH |
Alaskan Humpbacks batting - Pitching for Hialeah Dodos : RHP Eric Colquhoun
|
Batting: RHB Darren Gordam
|
0-0: Called Strike 0-1: Ball 1-1: Foul Ball, location: 2F 1-2: Ball 2-2: Foul Ball, location: 2F 2-2: Ball 3-2: Foul Ball, location: 2F 3-2: Fly out, F8 (Flyball, 8LXD, EV 84.4 MPH)
|
Batting: LHB Steve Covington
|
0-0: Called Strike 0-1: Ball 1-1: Foul Ball, location: 2F 1-2: Ball 2-2: Foul Ball, location: 2F 2-2: Foul Ball, location: 2F 2-2: Ball 3-2: Foul Ball, location: 2F 3-2: SINGLE (Flyball, 8RS, EV 87.5 MPH)
|
Batting: RHB John Simpson
|
0-0: Ball 1-0: Swinging Strike 1-1: Ball 2-1: Called Strike 2-2: Ball 3-2: Foul Ball, location: 2F 3-2: Fielders Choice at 2nd, 2-4 (Groundball, 15S, EV 66.2 MPH)
|
Batting: RHB Norberto Carrillo
|
0-0: SINGLE (Line Drive, 6MD, EV 97.5 MPH) John Simpson to second Runner from 2nd tries for 3rd, SAFE, no throw by CF
|
Batting: LHB Gage Jump
|
0-0: Foul Ball, location: 2F 0-1: Ball 1-1: Called Strike 1-2: Ground out 4-3 (Groundball, 34, EV 108.1 MPH)
|
Bottom of the 8th over - 0 runs, 2 hits, 0 errors, 2 left on base; Hialeah 1 - Alaskan 6 |
TOP OF THE 9TH |
Hialeah Dodos batting - Pitching for Alaskan Humpbacks : RHP Morgan Cartier
|
Batting: LHB Jon Melanson
|
0-0: Called Strike 0-1: Called Strike 0-2: Fly out, F8 (Flyball, 8LD, EV 96.9 MPH)
|
Batting: LHB Elliot Banks
|
0-0: Called Strike 0-1: Ball 1-1: Fly out, F7 (Flyball, 78M, EV 89.4 MPH)
|
Batting: RHB Damon Joseph
|
0-0: Called Strike 0-1: Ground out 1-3 (Groundball, 13S, EV 67.5 MPH)
|
Top of the 9th over - 0 runs, 0 hits, 0 errors, 0 left on base; Hialeah 1 - Alaskan 6 |
|